 Dungeon Crawl Stone Soup version 0.32-a0-913-g739538afd8 (webtiles) character file.

Game seed: 11100264665691838054

7053 Zonian the Warrior (level 11, 0/121 HPs)
             Began as a Gargoyle Gladiator on Apr 8, 2024.
             Was an Initiate of Ashenzari.
             Slain by a two-headed ogre
             ... wielding a +0 giant club
              (3 damage)
             ... on level 8 of the Dungeon.
             The game lasted 00:23:11 (8087 turns).

Zonian the Warrior (Gargoyle Gladiator)             Turns: 8087, Time: 00:23:11

Health: 0/121      AC: 20    Str: 22    XL:     11   Next: 9%
Magic:  12/12      EV: 10    Int:  9    God:    Ashenzari [......]
Gold:   113        SH:  0    Dex: 11    Spells: 12/12 levels left

rFire   + . .        A - +4 dagger (venom) {short}
rCold   + . .        (no shield)
rNeg    + + .        v - +2 ring mail {rPois}
rPois   ∞            c - +0 helmet
rElec   +            i - scarf {rC+ rF+}
rCorr   .            R - +0 pair of gloves
SInv    .            t - +2 pair of boots
Will    .....        (no amulet) Stlth
                     H - ring of positive energy
HPRegen 0.40/turn    (no ring)
MPRegen 0.13/turn

%: no passive effects
@: berserking, studying Hexes, very quick
A: sickness immunity, AC +8, negative energy resistance 1, electricity
resistance, torment resistance 1, petrification resistance
a: Renounce Religion


You were on level 8 of the Dungeon.
You worshipped Ashenzari.
Ashenzari was noncommittal.
You visited 2 branches of the dungeon, and saw 9 of its levels.
You also visited: Sewer.

You collected 393 gold pieces.
You spent 280 gold pieces at shops.


Innate Abilities, Weirdness & Mutations

You are immune to sickness and miasma.
Your stone body is resilient. (AC +8)
You are immune to poison.
You resist negative energy. (rN+)
You are resistant to electric shocks. (rElec)
You are resistant to unholy torment.
You are immune to petrification.


   Skills:
 + Level 15.3 Fighting
 + Level 7.8 Short Blades
 - Level 4.5 Maces & Flails
 - Level 2.6 Throwing
 - Level 3.0 Dodging
 + Level 1.8 Stealth
 + Level 1.3 Spellcasting
 + Level 2.0 Hexes


You had 12 spell levels left.
You didn't know any spells.
Your spell library contained the following spells:

 Spells                   Type           Power      Damage    Failure   Level
 Slow                     Hex            16%        N/A       26%         1
 Confusing Touch          Hex            4%         N/A       58%         3
 Fugue of the Fallen      Necr           0%         N/A       87%         3
 Ozocubu's Armour         Ice            0%         N/A       87%         3
 Summon Ice Beast         Ice/Summ       0%         N/A       87%         3
 Vampiric Draining        Necr           0%         2d6       87%         3
 Dispel Undead            Necr           0%         3d6       99%         4
 Martyr's Knell           Necr/Summ      0%         N/A       99%         4
 Summon Mana Viper        Hex/Summ       2%         N/A       100%        5
 Manifold Assault         Tloc           0%         N/A       100%        7
 Monstrous Menagerie      Summ           0%         N/A       100%        7
 Cigotuvi's Dreadful Rot  Necr/Alch/Air  Unusable   N/A       N/A         2

Inventory:

Hand Weapons
 a - a +0 flail {mace}
 k - a +0 falchion {long}
   (You found it on level 2 of the Dungeon)
 n - a +2 antimagic dagger {short}
   (You took it off a kobold on level 3 of the Dungeon)
 p - a +2 dagger of venom {short}
   (You took it off a goblin on level 3 of the Dungeon)
 u - a +0 dagger of freezing {short}
   (You took it off a goblin on level 4 of the Dungeon)
 w - a +2 short sword of draining {short}
   (You took it off an orc on level 5 of the Dungeon)
 A - a +4 dagger of venom (weapon) {short}
   (You took it off a kobold in a sewer)
 B - a +3 dagger of venom {short}
   (You took it off a kobold in a sewer)
 G - a +2 falchion of holy wrath {long}
   (You found it on level 6 of the Dungeon)
 I - a +4 flail {mace}
   (You took it off a wight on level 6 of the Dungeon)
 P - the +11 trident "Gox Keijia" {protect, Int+5, polearm}
   (You found it on level 7 of the Dungeon)

   Int+5:     It affects your intelligence (+5).
Missiles
 e - 3 javelins (quivered) {throwing}
 m - 2 datura-tipped darts {throwing}
 y - 21 poisoned darts {throwing}
Armour
 b - a +0 leather armour
 c - a +0 helmet (worn)
 i - a scarf of resistance (worn)
   (You found it on level 1 of the Dungeon)
 o - a +0 cloak
   (You took it off Crazy Yiuf on level 4 of the Dungeon)
 t - a +2 pair of boots (worn)
   (You found it on level 3 of the Dungeon)
 v - a +2 ring mail of poison resistance (worn)
   (You found it on level 5 of the Dungeon)
 R - a +0 pair of gloves (worn)
   (You found it on level 8 of the Dungeon)
Magical Staves
 E - a staff of earth {!astaff}
   (You took it off an orc on level 6 of the Dungeon)
Jewellery
 g - a ring of poison resistance
   (You found it on level 1 of the Dungeon)
 j - a ring of wizardry
   (You found it on level 4 of the Dungeon)
 F - a +6 ring of dexterity
   (You found it on level 6 of the Dungeon)
 H - a ring of positive energy (left hand)
   (You found it on level 6 of the Dungeon)
Talismans
 O - a beast talisman
   (You found it on level 7 of the Dungeon)
Scrolls
 h - 6 scrolls of vulnerability {!r!r}
 K - 2 scrolls of immolation {!r!r}
Potions
 f - 2 potions of haste {@q3}
 l - 3 potions of mutation {!q}
 q - 2 potions of resistance
 r - 4 potions of magic
 s - 2 potions of enlightenment
 z - a potion of invisibility
 C - a potion of degeneration {!q@e2}
 M - a potion of might {unknown}

Dungeon Overview and Level Annotations

Branches:
Dungeon (8/15) Zot: 26867  Temple (1/1) D:7 Zot: 5963    Lair (0/5) D:8
  Sewer (visited)

Altars:
Ashenzari
Cheibriados
Dithmenos
Elyvilon
Fedhas
Gozag
Hepliaklqana
Kikubaaqudgha
Nemelex Xobeh
Okawaru
Qazlal
Ru
Sif Muna
Trog
Uskayaw
Vehumet
Wu Jian
Xom
Yredelemnul
Zin
The Shining One

Shops:
D:7

! .. #.l.l>.## ..#
##l#...# ..###†##..## #
#...#.......# ### .
....#.#.#...# ..###..
.#........#....# ...#...
#.........#.....
.......##.....#...#.....
#.....@Ol.....#..#.....
#......##.......#..
.......#......>.l
.?..............(..
..>......l.O.......
.......#.......?...
#.....##......#....
.............##....
.............. ...


You could see a two-headed ogre (extremely poisoned) and an iguana.


Message History

MASSIVE DAMAGE!! (PAUSE)
Your mp is fully restored (12).
You feel much better.
You feel a bit more experienced.
The death yak gores you but does no damage. 😮 HP[+23]
You regained 23 hp, and now have 45/81 hp.
Unknown command.
You hit the death yak but do no damage.
The death yak looks as sick as possible!
You hit the death yak.
The death yak looks as sick as possible!
The death yak gores you but does no damage.
Unknown command.
You hit the death yak.
The death yak looks as sick as possible!
The death yak gores you but does no damage.
You hit the death yak but do no damage.
The death yak looks as sick as possible!
Unknown command.
You barely miss the death yak.
The death yak gores you but does no damage. 😮 HP[+1]
You puncture the death yak!
The death yak looks as sick as possible!
Unknown command.
You hit the death yak but do no damage.
The death yak gores you but does no damage.
The iguana is engulfed in poison gas.
The iguana is poisoned.
Unknown command.
You hit the death yak but do no damage. The death yak gores you. 😮 HP[-4]
You take 4 damage, and now have 42/81 hp.
You hit the death yak.
Unknown command.
You hit the death yak.
You kill the death yak!
Your Spellcasting skill increases to level 1!
Your Hexes skill increases to level 2! 😮 HP[+1] Unknown command.
Throw: throwing net {=f!fthrowing}
Press: ? - help, Shift-Dir - straight line, f - two-headed ogre
Aim: a two-headed ogre, wielding two +0 giant clubs (moderately wounded, poisoned, 77% to hit)
You throw a throwing net {=f!fthrowing}.
The throwing net {=f!fthrowing} barely misses the two-headed ogre.
Unknown command.
You hit the two-headed ogre.
The two-headed ogre looks even sicker.
You hit the two-headed ogre but do no damage.
The two-headed ogre hits you with a +0 giant club!
* * * LOW HITPOINT WARNING * * *
The two-headed ogre hits you with a +0 giant club!
* * * LOW HITPOINT WARNING * * *
😱 HP[-27]
You take 27 damage, and now have 16/81 hp.
MASSIVE DAMAGE!! (PAUSE)
You feel much better. 😮 HP[+30]
You regained 30 hp, and now have 46/81 hp.
Unknown command.
You hit the two-headed ogre.
The two-headed ogre looks as sick as possible!
The two-headed ogre hits you with a +0 giant club!
* * * LOW HITPOINT WARNING * * *
The two-headed ogre barely misses you. 😨 HP[-15]
You take 15 damage, and now have 31/81 hp.
You barely miss the two-headed ogre.
Unknown command.
You hit the two-headed ogre.
The two-headed ogre looks as sick as possible!
The iguana looks more healthy.
The two-headed ogre hits you with a +0 giant club!!
* * * LOW HITPOINT WARNING * * *
The two-headed ogre closely misses you.
The iguana hisses menacingly. 😱 HP[-26]
You take 26 damage, and now have 5/81 hp.
MASSIVE DAMAGE!! (PAUSE)
You feel better. 😱 HP[+11]
You regained 11 hp, and now have 16/81 hp.
Unknown command.
You hit the two-headed ogre but do no damage.
The two-headed ogre hits you with a +0 giant club!
* * * LOW HITPOINT WARNING * * *
The two-headed ogre hits you but does no damage. 😱 HP[-14]
You take 14 damage, and now have 2/81 hp.
Unknown command.
Okay, then.
A red film seems to cover your vision as you go berserk!
You feel yourself moving faster!
You feel mighty! 😱 HP[+1]
You now have 121 max hp (+40).
You puncture the two-headed ogre!
The two-headed ogre looks as sick as possible!
The two-headed ogre hits you with a +0 giant club.
* * * LOW HITPOINT WARNING * * *
The two-headed ogre hits you with a +0 giant club.
You die...

Skill      XL: |  1  2  3  4  5  6  7  8  9 10 11 |
---------------+----------------------------------+-----
Throwing       | 2 |  2.6
Fighting       | 3 4 5 6 8 15 | 15.3
Dodging        | 3 |  3.0
Maces & Flails | 4 |  4.5
Short Blades   | 2 4 6 7 |  7.8
Stealth        | 1 |  1.8
Hexes          | 1 2 |  2.0
Spellcasting   | 1 |  1.3

Action                     |  1- 3 |  4- 6 |  7- 9 | 10-12 || total
---------------------------+-------+-------+-------+-------++-------
  Melee: Flail             |    76 |    93 |    41 |       ||   210
         Dagger            |       |   150 |   496 |    56 ||   702
         Falchion          |       |       |    36 |       ||    36
  Throw: Throwing net      |     1 |     2 |     3 |     1 ||     7
         Javelin           |       |       |     6 |       ||     6
    Use: Scroll            |       |     5 |    10 |     5 ||    20
         Potion            |       |       |     2 |     5 ||     7
   Stab: Held in net/web   |     2 |       |       |       ||     2
 Armour: Leather armour    |    53 |   155 |   112 |       ||   320
         Ring mail         |       |       |   287 |    40 ||   327
  Dodge: Dodged            |    62 |   153 |   314 |    17 ||   546

Levels and vault maps discovered:
D:1:      scummos_arrival_forest, layout_loops_cross, minmay_worlds_worst_comb
D:2:      layout_basic, uniq_terence
D:3:      layout_basic, amethyst_killhole, hellmonk_no_cap
D:4:      minmay_recursive_quarters, layout_loops_ring, uniq_crazy_yiuf_cottage
D:5:      layout_cave_pools, hangedman_decor_growths, uniq_prince_ribbit1,
          uniq_menkaure
D:6:      layout_loops_cross, cheibrodos_sewer_entry_bend, st_stairs_4,
          minmay_misc_feat_encased, uniq_edmund
D:7:      layout_basic, temple_statues, serial_shops,
          nicolae_shop_industrial_runoff
D:8:      layout_cave_pools, makhleb_grotto_becter, dpeg_lair_monsters,
          enter_bailey_3
Temple:   roderic_octagonal_lattice_temple

Notes
Turn   | Place    | Note
-------+----------+-------------------------------------------
     0 | D:1      | Zonian the Gargoyle Gladiator began the quest for the Orb.
     0 | D:1      | Reached XP level 1. HP: 12/12 MP: 1/1
     0 | D:1      | magus.rc [v1.9.6]
    18 | D:1      | You pick up a book of Beasts and begin reading...
    18 | D:1      | You add the spells Summon Ice Beast, Summon Mana Viper and
                  | Monstrous Menagerie to your library.
   205 | D:1      | Reached XP level 2. HP: 18/18 MP: 2/2
   213 | D:1      | Reached skill level 2 in Throwing
   629 | D:2      | Reached XP level 3. HP: 22/22 MP: 3/3
   690 | D:2      | Noticed Terence
   714 | D:2      | Killed Terence
   715 | D:2      | Reached skill level 3 in Fighting
   715 | D:2      | Reached XP level 4. HP: 9/28 MP: 4/4
  1184 | D:2      | Reached skill level 3 in Dodging
  1327 | D:3      | You pick up a book of Debilitation and begin reading...
  1327 | D:3      | You add the spells Slow, Vampiric Draining and Confusing
                  | Touch to your library.
  1410 | D:3      | Reached XP level 5. HP: 20/32 MP: 5/5
  1416 | D:3      | Reached skill level 4 in Maces & Flails
  1423 | D:3      | HP: 5/32 [gnoll/+0 whip (6)]
  1679 | D:3      | You pick up a book of Decay and begin reading...
  1679 | D:3      | You add the spells Dispel Undead and Martyr's Knell to your
                  | library.
  1749 | D:3      | You pick up a book of Battle and begin reading...
  1749 | D:3      | You add the spells Fugue of the Fallen, Ozocubu's Armour
                  | and Manifold Assault to your library.
  1814 | D:3      | Reached skill level 4 in Fighting
  1830 | D:3      | HP: 7/33 [sleepcap (7)]
  2157 | D:3      | Reached XP level 6. HP: 33/38 MP: 6/6
  2596 | D:4      | Found a runed translucent door.
  2597 | D:4      | Noticed Crazy Yiuf
  2608 | D:4      | Killed Crazy Yiuf
  2609 | D:4      | Reached skill level 1 in Short Blades
  2794 | D:4      | Noticed a black bear
  2810 | D:4      | Killed a black bear
  2811 | D:4      | Reached skill level 5 in Fighting
  2811 | D:4      | Reached skill level 2 in Short Blades
  3074 | D:4      | Reached XP level 7. HP: 42/44 MP: 7/7
  3320 | D:4      | Reached skill level 6 in Fighting
  3320 | D:4      | Reached skill level 3 in Short Blades
  3823 | D:5      | Entered Level 5 of the Dungeon
  3844 | D:5      | HP: 6/46 [ogre/+0 giant spiked club (14)]
  4098 | D:5      | Noticed Menkaure
  4124 | D:5      | Killed Menkaure
  4125 | D:5      | Reached skill level 4 in Short Blades
  4125 | D:5      | Reached XP level 8. HP: 16/52 MP: 8/8
  4380 | D:5      | Reached skill level 7 in Fighting
  4565 | D:5      | Reached skill level 5 in Short Blades
  4625 | D:5      | Noticed Prince Ribbit
  4647 | D:5      | Killed Prince Ribbit
  4648 | D:5      | Reached skill level 8 in Fighting
  4735 | D:5      | You fall into a shaft and drop 1 floor!
  4768 | D:6      | Found a glowing drain.
  4800 | Sewer    | Entered a sewer
  5147 | Sewer    | Reached skill level 6 in Short Blades
  5147 | Sewer    | Reached XP level 9. HP: 56/60 MP: 9/9
  5575 | D:6      | Reached skill level 9 in Fighting
  6061 | D:6      | Reached skill level 7 in Short Blades
  6713 | D:6      | Noticed Edmund
  6734 | D:6      | Killed Edmund
  6856 | D:6      | Reached skill level 10 in Fighting
  7239 | D:7      | Found Purufiq's Distillery.
  7243 | D:7      | Identified the +11 trident "Gox Keijia" {protect, Int+5}
  7266 | D:7      | Bought a potion of heal wounds for 70 gold pieces
  7266 | D:7      | Bought a potion of haste for 140 gold pieces
  7266 | D:7      | Bought a potion of heal wounds for 70 gold pieces
  7300 | D:7      | Identified a potion of experience
  7301 | D:7      | Reached skill level 15 in Fighting
  7301 | D:7      | Reached XP level 10. HP: 76/76 MP: 10/10
  7773 | D:7      | Found a staircase to the Ecumenical Temple.
  7782 | Temple   | Entered the Ecumenical Temple
  7800 | Temple   | Became a worshipper of Ashenzari the Shackled
  8008 | D:8      | HP: 17/76 [basilisk (10)]
  8035 | D:8      | Reached skill level 1 in Stealth
  8035 | D:8      | Reached skill level 1 in Hexes
  8045 | D:8      | Noticed a death yak
  8045 | D:8      | Noticed a two-headed ogre
  8050 | D:8      | Found a staircase to the Lair.
  8058 | D:8      | HP: 12/76 [yak (8)]
  8066 | D:8      | Reached XP level 11. HP: 22/81 MP: 12/12
  8076 | D:8      | Killed a death yak
  8077 | D:8      | Reached skill level 1 in Spellcasting
  8077 | D:8      | Reached skill level 2 in Hexes
  8079 | D:8      | HP: 16/81 [two-headed ogre/+0 giant club (16)]
  8083 | D:8      | HP: 5/81 [two-headed ogre/+0 giant club (26)]
  8085 | D:8      | HP: 2/81 [two-headed ogre/+0 giant club (14)]
  8087 | D:8      | Slain by a two-headed ogre

Vanquished Creatures
  A death yak (D:8)
  Prince Ribbit (D:5)
  A wyvern (D:8)
  2 yaks (D:8)
  A basilisk (D:8)
  Edmund (D:6)
  Menkaure (D:5)
  A steam dragon (D:6)
  A water moccasin (D:7)
  2 ice beasts
  4 black bears
  An ogre (D:5)
  A centaur (D:6)
  A phantom (D:5)
  4 kobold brigands (Sewer)
  A bullfrog (D:7)
  A scorpion (D:5)
  3 wights (D:6)
  A bombardier beetle (D:5)
  Crazy Yiuf (D:4)
  2 jellies
  A gnoll bouda (D:4)
  6 hounds
  6 iguanas
  3 sleepcaps
  Terence (D:2)
  2 orc wizards (D:5)
  13 gnolls
  10 adders
  2 river rats (Sewer)
  A white imp (D:6)
  4 ufetubi
  A dart slug (D:4)
  6 ribbon worms
  19 orcs
  7 endoplasms
  9 giant cockroaches
  8 goblins
  6 hobgoblins
  6 jackals
  4 quokkas
  13 ball pythons
  4 bats
  A frilled lizard (D:2)
  16 kobolds
  25 rats
206 creatures vanquished.

Table legend:
 A = Non-vault XP
 B = Vault XP
 C = Vault XP percentage of total XP
 D = Non-vault monster count
 E = Vault monster count
 F = Vault count percentage of total count
                 A         B        C        D         E       F
            +---------+---------+-------+---------+---------+-------
      Total |    3109 |    2852 |  47.8 |     131 |      75 |  36.4
            +---------+---------+-------+---------+---------+-------
        D:1 |      21 |      10 |  32.3 |      12 |       5 |  29.4
        D:2 |      75 |      36 |  32.4 |      21 |       1 |   4.5
        D:3 |     115 |      78 |  40.4 |      25 |       2 |   7.4
        D:4 |     577 |      88 |  13.2 |      28 |       5 |  15.2
        D:5 |     846 |     431 |  33.8 |      21 |       2 |   8.7
        D:6 |     783 |     271 |  25.7 |      15 |       5 |  25.0
        D:7 |     478 |       0 |   0.0 |       8 |       0 |   0.0
        D:8 |     214 |    1417 |  86.9 |       1 |       5 |  83.3
      Sewer |       0 |     521 | 100.0 |       0 |      50 | 100.0
            +---------+---------+-------+---------+---------+-------

Skill      XL: |  1  2  3  4  5  6  7  8  9 10 11 |
---------------+----------------------------------+-----
Throwing       | 2 |  2.6
Fighting       | 3 4 5 6 8 15 | 15.3
Dodging        | 3 |  3.0
Maces & Flails | 4 |  4.5
Short Blades   | 2 4 6 7 |  7.8
Stealth        | 1 |  1.8
Hexes          | 1 2 |  2.0
Spellcasting   | 1 |  1.3

Action                     |  1- 3 |  4- 6 |  7- 9 | 10-12 || total
---------------------------+-------+-------+-------+-------++-------
  Melee: Flail             |    76 |    93 |    41 |       ||   210
         Dagger            |       |   150 |   496 |    56 ||   702
         Falchion          |       |       |    36 |       ||    36
  Throw: Throwing net      |     1 |     2 |     3 |     1 ||     7
         Javelin           |       |       |     6 |       ||     6
    Use: Scroll            |       |     5 |    10 |     5 ||    20
         Potion            |       |       |     2 |     5 ||     7
   Stab: Held in net/web   |     2 |       |       |       ||     2
 Armour: Leather armour    |    53 |   155 |   112 |       ||   320
         Ring mail         |       |       |   287 |    40 ||   327
  Dodge: Dodged            |    62 |   153 |   314 |    17 ||   546

Illustrated notes

Table legend:
 A = Kills in this place as a percentage of kills in the entire game.
 B = Kills by you in this place as a percentage of kills by you in the entire game.
 C = Kills by friends in this place as a percentage of kills by friends in the entire game.
 D = Other kills in this place as a percentage of other kills in the entire game.
 E = Experience gained in this place as a percentage of experience gained in the entire game.
 F = Experience gained in this place divided by the number of levels of this place that you have seen.
                   A       B       C       D       E      F
               +-------+-------+-------+-------+-------+----------------------
         Total | 100.0 | 100.0 |   N/A |   N/A | 100.0 | 596.1
       Dungeon |  75.7 |  75.7 |   N/A |   N/A |  91.3 | 680.0
         Sewer |  24.3 |  24.3 |   N/A |   N/A |   8.7 | 521.0
               +-------+-------+-------+-------+-------+----------------------

Table legend: (Time is in decaauts)
 A = Elapsed time spent in this place.
 B = Non-inter-level travel time spent in this place.
 C = Inter-level travel time spent in this place.
 D = Time resting spent in this place.
 E = Time spent auto-exploring this place.
 F = Levels seen in this place.
 G = Mean time per level.
                   A        B        C        D        E       F      G
               +--------+--------+--------+--------+--------+-----+--------+
         Total |   7997 |   7865 |    132 |   1516 |   4462 |  10 |  799.7 |
       Dungeon |   7283 |   7185 |     98 |   1516 |   4043 |   8 |  910.4 |
        Temple |     36 |      2 |     34 |      0 |      0 |   1 |   36.0 |
         Sewer |    677 |    677 |      0 |      0 |    419 |   1 |  677.0 |
               +--------+--------+--------+--------+--------+-----+--------+

Top non-repeatable levels by time:
     D:4: 1418 daAuts
     D:5: 1242 daAuts
     D:6: 1154 daAuts
     D:3: 1081 daAuts
     D:7: 905 daAuts
     D:2: 730 daAuts
   Sewer: 677 daAuts
     D:1: 617 daAuts
     D:8: 132 daAuts
  Temple: 36 daAuts
